 Dungeon Crawl Stone Soup version 0.29-a0-821-g66395355a5 (webtiles) character file.

Game seed: 7671720902921538711

355049 buhh the Warrior (level 22, -3/208 HPs)
             Began as an Octopode Transmuter on July 7, 2022.
             Was the Champion of Cheibriados.
             Slain by a vampire knight
             ... wielding a +0 battleaxe
              (7 damage)
             ... while paralysed by a vampire knight
             ... on level 3 of the Depths.
             The game lasted 01:36:27 (41783 turns).

buhh the Warrior (Octopode Transmuter)             Turns: 41783, Time: 01:36:27

Health: -3/208     AC: 31    Str: 26    XL:     22   Next: 31%
Magic:  49/49      EV:  2    Int: 41    God:    Cheibriados [******]
Gold:   806        SH:  0    Dex: 31    Spells: 17/25 levels left

rFire   + . .      SeeInvis +     - Unarmed
rCold   + + +      Faith    .   H - +0 tower shield "Faegakh" {rElec rC+ Str-5 Dex+3}
rNeg    + + .      Spirit   .   p - +1 hat "Guisakh" {rF+ Str+2}
rPois   ∞          Reflect  .   r - amulet of regeneration
rElec   +          Harm     .   n - ring of magical power
rCorr   .          Rampage  .   k - ring of magical power
Will    ++...                   B - ring of wizardry
Stlth   ++++++....              P - ring of Circularity {rPois rN+ EV+4 Str-3 Int+2}
HPRegen 1.24/turn               S - ring of protection from cold
MPRegen 0.31/turn               V - ring of Gaasomi {rC+ SInv}
                                Y - +6 ring of strength
                                Z - ring of willpower

@: paralysed, statue-form, very slow
A: slow and powerful, torment resistance 1, boosted hp, almost no armour,
amphibious, 8 rings, camouflage 1, (gelatinous body 1), (nimble swimmer 1),
tentacles
}: 2/15 runes: decaying, serpentine
a: End Transformation, Renounce Religion, Bend Time, Temporal Distortion,
Slouch, Step From Time


You were on level 3 of the Depths.
You worshipped Cheibriados.
Cheibriados was exalted by your worship.
You were a living statue of rough stone.
You visited 8 branches of the dungeon, and saw 39 of its levels.
You also visited: Ice Cave.

You collected 3965 gold pieces.
You spent 3159 gold pieces at shops.

Inventory:

Missiles
 C - 5 curare-tipped darts
Armour
 p - the +1 hat "Guisakh" (worn) {rF+ Str+2}
   (You acquired it on level 4 of the Lair of Beasts)

   Str:       It affects your strength (+2).
   rF:        It protects you from fire.
 H - the +0 tower shield "Faegakh" (worn) {rElec rC+ Str-5 Dex+3}
   (You took it off Mennas on level 2 of the Vaults)

   Str:       It affects your strength (-5).
   Dex:       It affects your dexterity (+3).
   rC:        It protects you from cold.
   rElec:     It insulates you from electricity.
Jewellery
 h - an amulet of magic regeneration
 j - a +6 ring of strength
 k - a ring of magical power (right tentacle)
 l - an amulet of reflection
 n - a ring of magical power (left tentacle)
 r - an amulet of regeneration (around mantle)
 B - a ring of wizardry (on tentacle)
 P - the ring of Circularity (on tentacle) {rPois rN+ EV+4 Str-3 Int+2}
   (You found it on level 6 of the Lair of Beasts)

   [ring of evasion]

   EV:        It affects your evasion (+4).
   Str:       It affects your strength (-3).
   Int:       It affects your intelligence (+2).
   rPois:     It protects you from poison.
   rN:        It protects you from negative energy.
 S - a ring of protection from cold (on tentacle)
 V - the ring of Gaasomi (on tentacle) {rC+ SInv}
   (You found it on level 2 of the Lair of Beasts)

   [ring of protection from cold]

   rC:        It protects you from cold.
   SInv:      It lets you see invisible.
 Y - a +6 ring of strength (on tentacle)
 Z - a ring of willpower (on tentacle)
Wands
 D - a wand of flame (19)
 F - a wand of mindburst (9)
 L - a wand of roots (17)
 M - a wand of paralysis (9)
 N - a wand of quicksilver (13)
 Q - a wand of polymorph (15)
Scrolls
 b - 5 scrolls of silence {!r}
 c - 4 scrolls of fog
 d - 8 scrolls of noise
 e - 7 scrolls of immolation {!d}
 f - 3 scrolls of blinking {!d}
 g - 6 scrolls of enchant armour
 i - 18 scrolls of teleportation {!d}
 q - 6 scrolls of magic mapping {!r!d}
 u - 3 scrolls of amnesia
 v - 9 scrolls of enchant weapon
 x - a scroll of brand weapon
 y - 4 scrolls of fear {!r}
 G - 6 scrolls of poison
 R - a scroll of summoning
 W - 10 scrolls of identify {!d}
Potions
 a - 8 potions of brilliance {!q!d}
 m - 3 potions of magic {!q!d}
 o - 7 potions of ambrosia {!q!d}
 s - 7 potions of might
 t - 2 potions of cancellation {unknown}
 w - 6 potions of attraction
 z - 9 potions of mutation {!d}
 A - 17 potions of curing {!q!d}
 E - 7 potions of flight {unknown}
 J - 2 potions of degeneration {unknown}
 K - a potion of heal wounds {!q!d}
 O - 7 potions of resistance {!q!d}
 T - 3 potions of invisibility {!q!d}
 X - a potion of berserk rage {unknown}
Miscellaneous
 I - a box of beasts
 U - a phial of floods


   Skills:
 - Level 16.0 Fighting
 - Level 16.0 Dodging
 - Level 8.0 Stealth
 * Level 13.7 Shields
 - Level 16.0 Unarmed Combat
 - Level 2.0 Spellcasting
 - Level 15.0 Transmutations
 - Level 9.0 Ice Magic
 - Level 15.0 Earth Magic
 - Level 2.0 Poison Magic
 - Level 13.0 Invocations


You had 17 spell levels left.
You knew the following spells:

 Your Spells              Type           Power      Damage    Failure   Level
b - Wereblood             Tmut           91%        N/A       1%          2
c - Statue Form           Tmut/Erth      60%        N/A       1%          6

Your spell library contained the following spells:

 Spells                   Type           Power      Damage    Failure   Level
 Beastly Appendage        Tmut           100%       N/A       1%          1
 Freeze                   Ice            100%       1d11      1%          1
 Sandblast                Erth           100%       2d20      1%          1
 Passwall                 Tmut/Erth      75%        N/A       1%          2
 Frozen Ramparts          Ice            100%       1d12      1%          3
 Ozocubu's Armour         Ice            67%        N/A       1%          3
 Spider Form              Tmut/Pois      65%        N/A       1%          3
 Stone Arrow              Conj/Erth      100%       3d13      1%          3
 Ice Form                 Ice/Tmut       80%        N/A       1%          4
 Petrify                  Tmut/Erth      91%        N/A       1%          4
 Alistair's Intoxication  Tmut/Pois      43%        N/A       5%          5
 Apportation              Tloc           8%         N/A       6%          1
 Foxfire                  Conj/Fire      16%        2x1d4     6%          1
 Magic Dart               Conj           16%        1d3       6%          1
 Shock                    Conj/Air       16%        1d4       6%          1
 Summon Small Mammal      Summ           16%        N/A       6%          1
 Poisonous Vapours        Pois/Air       24%        N/A       6%          2
 Borgnjor's Vile Clutch   Necr/Erth      30%        N/A       8%          5
 Call Imp                 Summ           4%         N/A       9%          2
 Static Discharge         Conj/Air       4%         3-4/arc   9%          2
 Sublimation of Blood     Necr           4%         N/A       9%          2
 Hailstorm                Conj/Ice       41%        3d10      10%         4
 Dragon Form              Tmut           45%        N/A       11%         7
 Mephitic Cloud           Conj/Pois/Air  9%         N/A       14%         3
 Call Canine Familiar     Summ           4%         N/A       17%         3
 Conjure Flame            Conj/Fire      4%         6-21      17%         3
 Gell's Gravitas          Tloc           4%         N/A       17%         3
 Inner Flame              Hex/Fire       4%         N/A       17%         3
 Lesser Beckoning         Tloc           4%         N/A       17%         3
 Summon Guardian Golem    Hex/Summ       4%         N/A       17%         3
 Swiftness                Air            4%         N/A       17%         3
 Teleport Other           Tloc           4%         N/A       17%         3
 Metabolic Englaciation   Hex/Ice        20%        N/A       26%         5
 Eringya's Noxious Bog    Tmut/Pois      32%        N/A       26%         6
 Iron Shot                Conj/Erth      30%        9d6       38%         6
 Corpse Rot               Necr/Pois/Air  9%         N/A       41%         4
 Airstrike                Air            2%         0-2+      50%         4
 Animate Dead             Necr           4%         N/A       50%         4
 Cause Fear               Hex            2%         N/A       50%         4
 Dispel Undead            Necr           4%         3d7       50%         4
 Flame Wave               Conj/Fire      4%         2d5       50%         4
 Sticky Flame             Conj/Fire      4%         2d3       50%         4
 Simulacrum               Ice/Necr       20%        N/A       78%         6
 Summon Forest            Summ/Tloc      2%         N/A       82%         5
 Haunt                    Necr/Summ      2%         N/A       100%        7
 Summon Hydra             Summ           2%         N/A       100%        7
 Infestation              Necr           2%         N/A       100%        8
 Dragon's Call            Summ           2%         N/A       100%        9
 Polar Vortex             Ice            33%        N/A       100%        9
 Animate Armour           Summ/Erth      Unusable   N/A       N/A         4

Dungeon Overview and Level Annotations

Branches:
Dungeon (15/15) Zot: 37856  Temple (1/1) D:4 Zot: 8935    Lair (6/6) D:11 Zot: 36005
  Swamp (4/4) Lair:4 Zot: 31311   Snake (4/4) Lair:2 Zot: 27569   Slime (0/5) Lair:6
    Orc (2/2) D:10 Zot: 14737     Elf (0/3) Orc:2        Vaults (4/5) D:14 Zot: 25187
  Crypt (0/3) Vaults:3     Depths (3/4) D:15 Zot: 24513   IceCv (visited)

Altars:
Ashenzari
Cheibriados
Dithmenos
Elyvilon
Fedhas
Gozag
Hepliaklqana
Kikubaaqudgha
Makhleb
Nemelex Xobeh
Okawaru
Qazlal
Ru
Sif Muna
Trog
Uskayaw
Vehumet
Wu Jian
Xom
Yredelemnul
Zin
The Shining One
Lugonu

Shops:
D:10 (   Orc:2 !:![   Vaults:1 [   Vaults:3 *!   Vaults:4 [

Portals:
Hell: Depths:1
Abyss: Swamp:3
Pandemonium: Orc:2 Depths:1
Ziggurat: Depths:2
Trove: Vaults:2 (give horn of Geryon)

Annotations:
D:5 exclusion: 2 steam dragons
D:6 1 runed translucent door, buhh's ghost, novice OpTm
D:7 exclusion: hornet
D:8 3 runed translucent doors, exclusion: hornet, BubbleThief's ghost, novice BaSu; Joseph
Lair:5 exclusion: oklob plant
Swamp:3 2 transporters, jfcaron's ghost, adept GnBr
Snake:2 Jorgrun


Innate Abilities, Weirdness & Mutations

You are a living statue of rough stone.
Your actions are slow, but your melee attacks are powerful.
You are resistant to unholy torment.
Your maximum health is greatly increased.
You are immune to poison.
You cannot wear most types of armour.
You are amphibious.
You can wear up to eight rings at the same time.
Your skin changes colour to match your surroundings (Stealth+).
((Your rubbery body absorbs attacks. (AC +1, EV +1)))
((You are camouflaged when in or above water. (Stealth+)))
You have tentacles for arms and can constrict up to eight enemies at once.


Message History

You block the stone giant's attack. The ice dragon breathes frost at you.
The blast of cold hits you. You resist.
The vampire knight casts a spell at you.
You suddenly lose the ability to move!
You lose your grip on the vampire knight.
The iron troll bites you!
The iron troll claws you but does no damage.
The iron troll claws you!
The stone giant hits you but does no damage.
The deep troll earth mage bites you!! The deep troll earth mage claws you!
The deep troll earth mage claws you but does no damage.
The vampire knight hits you but does no damage.
The vampire knight bites you but does no damage.
The vampire knight hits you with a +0 battleaxe!
The vampire knight bites you but does no damage.
The iron troll bites you!
* * * LOW HITPOINT WARNING * * *
The iron troll claws you but does no damage.
The iron troll completely misses you.
The deep troll earth mage bites you but does no damage.
The deep troll earth mage claws you but does no damage. x2
The stone giant hits you!
* * * LOW HITPOINT WARNING * * *
The vampire knight hits you but does no damage.
The vampire knight bites you but does no damage.
The iron troll bites you.
* * * LOW HITPOINT WARNING * * *
The iron troll claws you but does no damage.
The iron troll claws you!
* * * LOW HITPOINT WARNING * * *
The stone giant hits you but does no damage.
The deep troll earth mage bites you!
* * * LOW HITPOINT WARNING * * *
The deep troll earth mage claws you but does no damage. x2
The vampire knight hits you with a +0 battleaxe.
* * * LOW HITPOINT WARNING * * *
The vampire knight bites you but does no damage.
The vampire knight hits you with a +0 battleaxe!
You die...

**,,,,,,,,,,,,,,,,,,,,,*,,*,,,,,*
*,,,,>,,,,,............##**,,,,,*
**,,≈≈≈,,,,,.............********
*,,,≈≈≈,,#*,,..........#.,,,,,,,,
,,,≈≈≈,,,..,,#...........,,,,,,,,
,,,≈≈≈,,,...##...........,,,,,,,,
,,,,,,,,,................,,,,,,,,
,,*,,,,,,......VTC.......,,,,,,,≈
*,*,,**,,......T8<.......,,,,,,,≈
*,**,,,,,................,,,,,,,≈
,,,,,,,,,.....D..........,,,,,,,≈
,,,,,,,,,..........§.....,,,,,,,,
,,,,>,,,*#..........≈§.≈.,,,,,,,≈
,,,,,,,,,.....≈....§≈..≈§,,,,,,,,
,,,,,,,,,....≈≈≈.......≈§,≈,,,,,,
,,,,,,<,,......≈≈≈≈.≈≈.≈≈≈≈≈≈,,,,
,,,,,,,,,,,,,,,,,≈≈,≈≈,,≈≈≈≈,,,,,


You could see an ice dragon, an iron troll, a stone giant, a vampire knight
(fast, invisible) and a deep troll earth mage.

Vanquished Creatures
  Mennas (Vaults:2)
  Sojobo (Vaults:3)
  A golden dragon (Depths:3)
  2 tentacled monstrosities
  An Ice Fiend (IceCv)
  3 sphinxes (Vaults:3)
  A shadow dragon (Vaults:3)
  Kirke (Lair:5)
  3 tengu reavers
  6 nagarajas
  A storm dragon (Vaults:1)
  Donald (Swamp:4)
  A thorn hunter (Swamp:4)
  4 fire giants
  Roxanne (Swamp:1)
  A fenstrider witch (Swamp:3)
  3 frost giants
  Aizul (Snake:1)
  A juggernaut zombie (Depths:1)
  2 orc warlords
  6 vault wardens
  9 ironbound preservers
  3 stone giants
  11 very ugly things
  A war gargoyle (Vaults:3)
  2 vampire knights (Depths:1)
  6 ironbound thunderhulks
  4 eleionomae
  17 dire elephants
  4 bunyips
  An entropy weaver (Vaults:2)
  Azrael (D:14)
  2 green deaths (Swamp:4)
  3 ettins (Depths:1)
  2 fire dragons (Depths:1)
  11 yaktaur captains
  5 vault guards (Vaults:2)
  3 great orbs of eyes
  18 hydras
  7 boulder beetles
  A salamander tyrant (Snake:4)
  2 peacekeepers (Vaults:3)
  A caustic shrike simulacrum (IceCv)
  2 ghost crabs (Swamp:3)
  An ogre mage (D:15)
  3 ice dragons
  4 ironbound frosthearts
  A demonspawn (Orc:2)
  A hell beast (Depths:1)
  18 centaur warriors
  13 anacondas
  A catoblepas (Lair:6)
  9 two-headed ogres
  4 alligators
  8 naga warriors
  15 death yaks
  4 deep troll earth magi
  3 tengu warriors
  2 deep troll shamans
  20 naga sharpshooters
  10 orc high priests
  3 shock serpents
  2 soul eaters
  6 iron trolls
  A sixfirhy (Orc:2)
  5 skeletal warriors (D:13)
  4 goliath frogs
  A sea snake (Snake:4)
  5 salamander mystics
  A swamp dragon (shapeshifter) (D:15)
  4 spriggan druids
  A tengu zombie (Vaults:2)
  7 swamp dragons (Swamp:4)
  35 deep trolls
  6 wizards
  2 spriggan simulacra (IceCv)
  8 mana vipers
  11 orc knights
  3 harpies (Vaults:3)
  3 bog bodies
  9 naga ritualists
  An obsidian statue (IceCv)
  23 lindwurms
  2 necromancers
  5 orc sorcerers
  15 ironbound convokers
  44 ugly things
  3 deep elf pyromancers
  6 cyclopes
  9 salamanders
  9 will-o-the-wisps
  6 guardian serpents
  30 black mambas
  18 elephants
  11 naga magi
  A torpor snail (Lair:6)
  8 vault sentinels
  19 cane toads
  A kobold demonologist (D:9)
  6 orange demons
  6 entropy weaver simulacra (IceCv)
  5 freezing wraiths
  An anaconda simulacrum (IceCv)
  A yaktaur skeleton (Vaults:2)
  45 yaktaurs
  8 ice devils (IceCv)
  2 efreet
  3 rime drakes
  6 komodo dragons
  A golden dragon simulacrum (Depths:1)
  3 tengu conjurers
  5 red devils
  A queen bee (shapeshifter) (D:15)
  5 trolls
  3 polar bears
  A polar bear (shapeshifter) (D:13)
  9 tyrant leeches
  7 hornets
  52 slime creatures
  7 blink frogs (Lair:6)
  2 shadows
  10 spriggans
  A vampire (D:14)
  2 hogs (Lair:5)
  2 wraiths (D:10)
  3 dire elephant simulacra (IceCv)
  48 yaks
  8 basilisks
  A ynoxinul (Orc:2)
  Grum (D:8)
  A steam dragon (D:7)
  A chaos spawn (Depths:1)
  A neqoxec (Depths:1)
  3 fire elementals (D:14)
  10 vampire mosquitoes
  8 minotaur simulacra (IceCv)
  2 large abominations (Swamp:4)
  5 redbacks
  5 wargs
  2 harpy simulacra (IceCv)
  A human zombie (Vaults:2)
  15 swamp worms
  40 nagas
  Menkaure (D:5)
  An acid dragon (D:13)
  20 water moccasins
  A hydra simulacrum (IceCv)
  A swamp drake (Swamp:1)
  3 hell hounds (D:14)
  3 black bears
  2 ice beasts (D:6)
  56 orc warriors
  2 sky beasts (D:7)
  A small abomination (Swamp:4)
  3 alligator simulacra (IceCv)
  A floating eye zombie (Depths:1)
  12 ogres
  38 wolves
  12 kobold brigands
  23 bullfrogs
  A gnoll sergeant (D:10)
  A scorpion (D:6)
  5 deep troll simulacra (IceCv)
  2 necrophages (D:8)
  13 wights
  10 killer bees
  4 lindwurm simulacra (IceCv)
  3 electric eels
  6 howler monkeys
  A hound (D:5)
  37 orc priests
  A gnoll bouda (D:9)
  An iguana (D:6)
  2 jellies
  19 orc wizards
  7 hell rats (Lair:6)
  7 adders
  13 gnolls
  2 shadow imps
  2 white imps (D:7)
  A worm (D:4)
  2 dart slugs
  108 orcs
  10 ball pythons
  8 endoplasms
  5 giant cockroaches
  15 goblins
  8 hobgoblins
  2 jackals (D:4)
  5 quokkas
  3 bats
  4 frilled lizards
  25 kobolds
  5 rats
  4 foxfires (Swamp:3)
1474 creatures vanquished.

Vanquished Creatures (collateral kills)
  Vashnia (Snake:2)
1 creature vanquished.

Vanquished Creatures (others)
  An orc warlord (Orc:1)
  A salamander tyrant (Snake:4)
  A lindwurm (Vaults:2)
  A bloated husk (Swamp:4)
  A blink frog (Lair:6)
  A human (Lair:5)
  An orc warrior (Vaults:1)
  An orc priest (Vaults:1)
  An orc (Vaults:1)
  2 bushes (Lair:5)
  36 foxfires
  32 fungi
  110 plants
189 creatures vanquished.

Grand Total: 1664 creatures vanquished

Notes
Turn   | Place    | Note
-------+----------+-------------------------------------------
     0 | D:1      | buhh the Octopode Transmuter began the quest for the Orb.
     0 | D:1      | Reached XP level 1. HP: 13/13 MP: 3/3
    94 | D:1      | Reached XP level 2. HP: 18/18 MP: 5/5
  1379 | D:2      | Reached XP level 3. HP: 16/23 MP: 4/6
  1667 | D:2      | Found a faded altar of an unknown god.
  1790 | D:2      | You fall into a shaft and drop 2 floors!
  1867 | D:4      | Found a staircase to the Ecumenical Temple.
  1878 | Temple   | Entered the Ecumenical Temple
  1997 | D:4      | Found a bloodstained altar of Trog.
  2072 | D:3      | Found a sparkling altar of Nemelex Xobeh.
  2586 | D:3      | Found a glowing golden altar of the Shining One.
  2926 | D:3      | Learned a level 2 spell: Wereblood
  2930 | D:3      | Learned a level 3 spell: Spider Form
  2945 | D:2      | Reached XP level 4. HP: 29/29 MP: 7/7
  3408 | D:2      | Reached XP level 5. HP: 13/34 MP: 6/8
  5283 | D:5      | Entered Level 5 of the Dungeon
  5455 | D:5      | Noticed an ogre
  5476 | D:5      | Noticed a water moccasin
  5696 | D:5      | Noticed a black bear
  5709 | D:5      | Killed a black bear
  5710 | D:5      | Reached XP level 6. HP: 38/41 MP: 9/9
  5783 | D:5      | Noticed a steam dragon
  5819 | D:5      | Found a snail-covered altar of Cheibriados.
  5822 | D:5      | Found a blossoming altar of Fedhas.
  5855 | D:5      | Reached XP level 7. HP: 24/46 MP: 3/10
  6041 | D:5      | Noticed Menkaure
  6049 | D:5      | Killed Menkaure
  6050 | D:5      | Reached skill level 5 in Unarmed Combat
  6161 | D:5      | Found a basalt altar of Yredelemnul.
  6336 | D:5      | Reached skill level 5 in Dodging
  6429 | D:5      | Noticed a steam dragon
  6673 | D:6      | Found an opulent altar of Gozag.
  6700 | D:5      | Became a worshipper of Cheibriados the Contemplative
  6722 | D:6      | Found a shadowy altar of Dithmenos.
  6732 | D:6      | Reached XP level 8. HP: 50/54 MP: 11/11
  7115 | D:6      | Learned a level 3 spell: Ozocubu's Armour
  7249 | D:7      | Noticed a hornet
  7967 | D:8      | Reached XP level 9. HP: 45/58 MP: 12/12
  7990 | D:8      | Reached * piety under Cheibriados
  8358 | D:8      | Found a runed translucent gate.
  8358 | D:8      | Found a runed translucent gate.
  8359 | D:8      | Found a runed translucent gate.
  8361 | D:8      | Noticed BubbleThief's ghost (novice BaSu)
  8583 | D:6      | Reached skill level 5 in Transmutations
  8605 | D:6      | Found a runed translucent door.
  8865 | D:6      | Noticed buhh's ghost (novice OpTm)
  9042 | D:4      | Reached skill level 5 in Ice Magic
  9047 | D:4      | Reached ** piety under Cheibriados
  9404 | D:8      | Noticed a hornet
  9472 | D:8      | Noticed Joseph
 10109 | D:7      | Reached skill level 8 in Dodging
 10111 | D:7      | Reached XP level 10. HP: 47/63 MP: 13/13
 10452 | D:8      | Noticed Grum
 10489 | D:8      | Killed Grum
 10666 | D:8      | Reached *** piety under Cheibriados
 11340 | D:9      | Learned a level 4 spell: Ice Form
 11495 | D:9      | Noticed a kobold demonologist
 11507 | D:9      | Killed a kobold demonologist
 11507 | D:9      | Reached **** piety under Cheibriados
 11513 | D:9      | Reached skill level 5 in Fighting
 11851 | D:9      | Found a hide-covered altar of Uskayaw.
 12123 | D:10     | Entered Level 10 of the Dungeon
 12123 | D:10     | Found Plog's Antique Weapon Emporium.
 12170 | D:10     | Reached XP level 11. HP: 44/68 MP: 14/14
 12234 | D:10     | Noticed a two-headed ogre
 12243 | D:10     | Killed a two-headed ogre
 12244 | D:10     | Reached skill level 8 in Unarmed Combat
 12244 | D:10     | Reached skill level 8 in Transmutations
 12244 | D:10     | Reached skill level 8 in Ice Magic
 12407 | D:10     | Found a white marble altar of Elyvilon.
 12445 | D:10     | Found a staircase to the Orcish Mines.
 12490 | D:10     | Found a hazy altar of Hepliaklqana.
 12495 | D:10     | Found an ancient bone altar of Kikubaaqudgha.
 12546 | D:10     | Found a glowing silver altar of Zin.
 12546 | D:10     | Noticed an angel
 12711 | D:11     | Identified the +3 great sword of a wizard's laboratory
                  | {vorpal, rPois rC+ Int+3}
 12734 | D:11     | Noticed a boulder beetle
 12864 | D:11     | Reached ***** piety under Cheibriados
 12949 | D:11     | Found a glowing golden altar of the Shining One.
 13035 | D:11     | Noticed a two-headed ogre
 13037 | D:11     | Killed a boulder beetle
 13046 | D:11     | Killed a two-headed ogre
 13105 | D:11     | Noticed a cyclops
 13105 | D:11     | Noticed a cyclops
 13127 | D:11     | Killed a cyclops
 13321 | D:11     | Found a staircase to the Lair.
 13393 | D:11     | Noticed a cyclops
 13400 | D:11     | Killed a cyclops
 13494 | D:12     | Reached skill level 8 in Fighting
 13549 | Lair:1   | Entered Level 1 of the Lair of Beasts
 13878 | Lair:1   | Reached XP level 12. HP: 82/82 MP: 15/15
 13961 | Lair:1   | Reached skill level 5 in Invocations
 14085 | Lair:1   | Noticed a seven-headed hydra
 14113 | Lair:1   | Killed a seven-headed hydra
 14551 | Lair:2   | Found a staircase to the Snake Pit.
 14684 | Lair:2   | Reached skill level 8 in Invocations
 15559 | Lair:3   | Reached skill level 10 in Invocations
 15815 | Lair:3   | Reached ****** piety under Cheibriados
 16071 | Lair:3   | Noticed a four-headed hydra
 16088 | Lair:3   | Killed a four-headed hydra
 16562 | Lair:4   | Noticed a four-headed hydra
 16573 | Lair:4   | Killed a four-headed hydra
 16574 | Lair:4   | Reached XP level 13. HP: 88/88 MP: 22/22
 16743 | Lair:4   | Identified a scroll of acquirement
 16748 | Lair:4   | Acquired the +1 hat "Guisakh" {rF+ Str+2}
 17492 | Lair:4   | Found a staircase to the Swamp.
 17781 | Lair:5   | Identified the +0 robe of the Storm King {rN++}
 17808 | Lair:5   | Reached skill level 5 in Earth Magic
 18002 | Lair:5   | Found a shimmering blue altar of Sif Muna.
 18284 | Lair:5   | Noticed Kirke
 18629 | Lair:5   | Killed Kirke
 18630 | Lair:5   | Reached skill level 8 in Earth Magic
 18899 | Lair:5   | Found a blossoming altar of Fedhas.
 19233 | Lair:6   | Entered Level 6 of the Lair of Beasts
 19847 | D:11     | Reached skill level 10 in Earth Magic
 19847 | D:11     | Reached XP level 14. HP: 94/94 MP: 23/23
 19856 | D:11     | Learned a level 6 spell: Statue Form
 21492 | D:13     | Reached skill level 10 in Transmutations
 22204 | D:14     | Noticed Azrael
 22213 | D:14     | Killed Azrael
 22620 | D:14     | Reached skill level 5 in Stealth
 22728 | D:14     | Identified the +5 dagger of the Other Side {protect, Int+7
                  | SInv}
 22924 | D:14     | Found a gate to the Vaults.
 23115 | D:15     | Entered Level 15 of the Dungeon
 23373 | Orc:1    | Entered Level 1 of the Orcish Mines
 23375 | Orc:1    | Paralysed by an orc sorcerer for 2 turns
 23379 | Orc:1    | Reached XP level 15. HP: 100/100 MP: 21/24
 23470 | Orc:2    | Entered Level 2 of the Orcish Mines
 23486 | Orc:1    | Noticed an orc warlord
 23494 | Orc:1    | Killed an orc warlord
 23965 | Orc:2    | Found a staircase to the Elven Halls.
 24690 | Orc:2    | Found Bemiet's Distillery.
 24691 | Orc:2    | Found Neomneur's Distillery.
 24803 | Orc:2    | Bought a potion of experience for 900 gold pieces
 24803 | Orc:2    | Reached skill level 10 in Fighting
 24803 | Orc:2    | Reached skill level 10 in Dodging
 24803 | Orc:2    | Reached skill level 10 in Unarmed Combat
 24803 | Orc:2    | Reached XP level 16. HP: 109/109 MP: 25/25
 24804 | Orc:2    | Bought a potion of heal wounds for 90 gold pieces
 24804 | Orc:2    | Bought a potion of brilliance for 72 gold pieces
 24804 | Orc:2    | Bought 2 potions of curing for 108 gold pieces
 24804 | Orc:2    | Bought a potion of mutation for 144 gold pieces
 24806 | Orc:2    | Bought a potion of invisibility for 120 gold pieces
 24806 | Orc:2    | Bought a potion of mutation for 120 gold pieces
 24806 | Orc:2    | Bought a potion of curing for 45 gold pieces
 24833 | Orc:2    | Reached skill level 8 in Stealth
 24910 | Orc:2    | Found Teaniweb's Book Boutique.
 24910 | Orc:2    | Found Roqukaru's Antique Armour Shop.
 24910 | Orc:2    | Found a one-way gate leading to the halls of Pandemonium.
 25227 | Lair:2   | Identified the ring of Gaasomi {rC+ SInv}
 25679 | Lair:6   | Reached XP level 17. HP: 117/117 MP: 26/26
 25745 | Lair:6   | Identified the +0 pair of gloves "Fasy" {rElec rCorr}
 25920 | Lair:6   | Found a staircase to the Slime Pits.
 26048 | Lair:6   | Identified the ring of Circularity {rPois rN+ EV+4 Str-3
                  | Int+2}
 26901 | Snake:1  | Entered Level 1 of the Snake Pit
 27203 | Snake:1  | Noticed Aizul
 27214 | Snake:1  | Killed Aizul
 27875 | Snake:2  | Noticed Jorgrun
 28028 | Snake:2  | Noticed Vashnia
 28052 | Snake:2  | Killed Vashnia
 28907 | Snake:3  | Found a frozen archway.
 28928 | IceCv    | Entered an ice cave
 29041 | IceCv    | Reached XP level 18. HP: 128/128 MP: 27/27
 29453 | IceCv    | Noticed an Ice Fiend
 29458 | IceCv    | Killed an Ice Fiend
 29495 | IceCv    | Got the Incunable of Rime
 30443 | Snake:4  | Entered Level 4 of the Snake Pit
 30704 | Swamp:1  | Entered Level 1 of the Swamp
 31049 | Swamp:1  | Identified Roxanne's Guidebook on Grit
 31049 | Swamp:1  | Noticed Roxanne
 31059 | Swamp:1  | Killed Roxanne
 31308 | Swamp:2  | You are sucked into a shaft and drop 1 floor!
 31324 | Swamp:3  | Found a one-way gate to the infinite horrors of the Abyss.
 31324 | Swamp:3  | Noticed jfcaron's ghost (adept GnBr)
 31332 | Swamp:3  | Noticed a tentacled monstrosity
 31753 | Swamp:3  | Identified the +4 scimitar of Putrescence {protect,
                  | *Corrode rC++ Str+5}
 31848 | Swamp:3  | Noticed a tentacled monstrosity
 31854 | Swamp:3  | Killed a tentacled monstrosity
 31895 | Swamp:3  | Found a transporter.
 31996 | Swamp:3  | Found a transporter.
 32152 | Swamp:4  | Entered Level 4 of the Swamp
 32365 | Swamp:4  | Identified the +8 rapier of Emafoar {vamp, Dex+4 Stlth+}
 32473 | Swamp:4  | Noticed Donald
 32481 | Swamp:4  | Reached XP level 19. HP: 137/137 MP: 28/28
 32504 | Swamp:4  | Killed Donald
 32551 | Swamp:4  | Noticed a tentacled monstrosity
 32561 | Swamp:4  | Killed a tentacled monstrosity
 32570 | Swamp:4  | Reached skill level 15 in Fighting
 32580 | Swamp:4  | Got a decaying rune of Zot
 32632 | Swamp:4  | Reached skill level 15 in Dodging
 32632 | Swamp:4  | Reached skill level 15 in Unarmed Combat
 34146 | Snake:4  | Got a serpentine rune of Zot
 34381 | Vaults:1 | Entered Level 1 of the Vaults
 34524 | Vaults:1 | Reached skill level 5 in Shields
 34767 | Vaults:1 | Reached XP level 20. HP: 147/147 MP: 29/29
 35178 | Vaults:1 | Reached skill level 8 in Shields
 35372 | Vaults:1 | Found Onuty's Antique Armour Boutique.
 35715 | Vaults:2 | Found a portal to a secret trove of treasure.
 35782 | Vaults:2 | Reached skill level 10 in Shields
 36299 | Vaults:2 | Identified the +0 tower shield "Faegakh" {rElec rC+ Str-5
                  | Dex+3}
 36299 | Vaults:2 | Noticed Mennas
 36309 | Vaults:2 | Killed Mennas
 36712 | Vaults:2 | Reached XP level 21. HP: 153/153 MP: 30/30
 37334 | Vaults:3 | Found Cidaod's General Store.
 37357 | Vaults:3 | Bought a potion of curing for 57 gold pieces
 37357 | Vaults:3 | Bought the +1 scale mail of Greed {-Tele rPois rC+ Dex+6}
                  | for 649 gold pieces
 37357 | Vaults:3 | Bought a potion of mutation for 152 gold pieces
 37407 | Vaults:3 | Found a staircase to the Crypt.
 37822 | Vaults:3 | Noticed Sojobo
 37829 | Vaults:3 | Paralysed by an air elemental for 1 turns
 37834 | Vaults:3 | Paralysed by an air elemental for 1 turns
 37842 | Vaults:3 | Killed Sojobo
 38210 | Vaults:3 | Found Axkias's Distillery.
 38233 | Vaults:3 | Bought a potion of ambrosia for 104 gold pieces
 38233 | Vaults:3 | Bought a potion of resistance for 130 gold pieces
 38233 | Vaults:3 | Bought 2 potions of resistance for 260 gold pieces
 38233 | Vaults:3 | Bought a potion of ambrosia for 104 gold pieces
 38233 | Vaults:3 | Bought a potion of heal wounds for 65 gold pieces
 38233 | Vaults:3 | Bought a potion of curing for 39 gold pieces
 38978 | Vaults:4 | Reached skill level 15 in Earth Magic
 39155 | Vaults:4 | Found Igietiex's Armour Emporium.
 40246 | D:15     | Found a staircase to the Depths.
 40611 | Depths:1 | Entered Level 1 of the Depths
 40672 | Depths:1 | Reached XP level 22. HP: 160/160 MP: 31/31
 40900 | Depths:1 | Reached skill level 15 in Transmutations
 41267 | Depths:1 | Found a stormy altar of Qazlal.
 41472 | Depths:1 | Found a gateway to Hell.
 41736 | Depths:2 | Found a one-way gateway to a ziggurat.
 41764 | Depths:3 | Noticed a golden dragon
 41776 | Depths:3 | Killed a golden dragon
 41780 | Depths:3 | Paralysed by a vampire knight for 5 turns
 41782 | Depths:3 | HP: 7/208 [deep troll earth mage (16)]
 41782 | Depths:3 | HP: 3/208 [vampire knight/+0 battleaxe (4)]
 41783 | Depths:3 | Slain by a vampire knight

Illustrated notes

Levels and vault maps discovered:
D:1:      giann_bridges, layout_basic, chequers_serial_rivers_micro_b,
          nicolae_figureground_sparkle
D:2:      layout_basic, chequers_ecumenical_altar_simple, minivault_24,
          nicolae_titane
D:3:      layout_loops_cross, mainiacjoe_overflow_alcove_4,
          mainiacjoe_overflow_boulevard
D:4:      layout_loops_corners, trog_hazing_becter, minmay_temple_entry_arrows
D:5:      kennysheep_steamy, layout_basic, nicolae_overflow_hidden_temple,
          uniq_duvessa, uniq_menkaure
D:6:      layout_cave_pools, grunt_dithmenos_smoke, mainiacjoe_overflow_paths,
          ebering_ghost_reflecting_pool, minmay_misc_feat_rugged, minivault_5
D:7:      layout_basic, minmay_misc_feat_tower
D:8:      layout_gridville, gammafunk_ghost_spectres, uniq_grum, uniq_joseph
D:9:      layout_roguey [special_room_kobold],
          mainiacjoe_overflow_cross_hatched,
          nicolae_concentric_dashed_squares_mild
D:10:     layout_cave_pools, elyvilon_altar_5, zin_angel, minitemple,
          orc_david_3, serial_shops, nicolae_stop_n_shop_1
D:11:     layout_irregular_city, grunt_lair_entry_orc_guard_hut,
          minmay_misc_feat_encased, tso_oasis_becter
D:12:     layout_layer_cave
D:13:     layout_cave_pods, hangedman_decor_diamond_cutter
D:14:     layout_basic, david_vaults_1, uniq_azrael
D:15:     grunt_enter_depths_snipers, layout_basic, roderic_serpentine_path
Temple:   corrupted_temple
Lair:1:   layout_regular_city, minivault_26
Lair:2:   layout_small_grid, dummy_snake_entry, cheibrodos_lair_caveside_slide,
          hangedman_lair_unloving_vines, minmay_lindwurm_lava
Lair:3:   layout_gridlike, grunt_megastairs_3, lemuel_fruit_fields
Lair:4:   layout_regular_city, swamp_mist
Lair:5:   nzn_winding_woodlands_cross [nzn_winding_woodlands_5x15_default,
          nzn_winding_woodlands_5x15_sidewinder,
          nzn_winding_woodlands_5x15_sawtooth,
          nzn_winding_woodlands_5x15_garden,
          nzn_winding_woodlands_15x15_killbox], layout_regular_city,
          basic_altar, tgw_fedhas, infiniplex_staircase_pool_2, uniq_kirke
Lair:6:   grunt_lair_end_beastmaster, layout_cave_pods,
          nicolae_slime_entry_slimehenge, nicolae_volcano_entry_two_sided,
          grunt_forest_small_clearings, disabler_island, grunt_megastairs_5
Swamp:1:  layout_basic_swamp, evilmike_swamp_ruin_house_1,
          nicolae_swamp_wisp_ring_woods, uniq_roxanne
Swamp:2:  layout_basic_swamp, nicolae_swamp_round_clearing
Swamp:3:  nicolae_swamp_ascending_descending, layout_basic_swamp,
          gammafunk_ghost_abyssal_escape, evilmike_swamp_ruin_wall,
          infiniplex_staircase_pool
Swamp:4:  swamp_vile, layout_basic_swamp, uniq_donald
Snake:1:  layout_honeycomb, uniq_aizul
Snake:2:  layout_honeycomb, uniq_jorgrun, uniq_vashnia
Snake:3:  nicolae_cobra_stairs, layout_grid_maze,
          portal_ice_cave_entry_pillars_three, hangedman_corner_corridor,
          grunt_megastairs_2
Snake:4:  johnstein_snake_rune_scales, layout_cave_town, serial_bayou_shore_a
Orc:1:    layout_diamond_mine
Orc:2:    pf_orc_diabolical, layout_caves, basic_altar, minmay_orc_temple_c
Vaults:1: vaults_dpeg_cross, special_room_vaults [special_room_orc],
          hangedman_vaults_restitches, ontoclasm_vaults_ring_large, v_misc_31,
          hangedman_vaults_stream, ontoclasm_vaults_ring_large,
          hangedman_vaults_nails, grunt_vaults_twisty, hangedman_vaults_stagger,
          nicolae_vaults_shelves_hall, vaults_room_stairs_pillars,
          ontoclasm_vaults_idyll, hangedman_vaults_stretched_pinwheel,
          layout_vaults_maze_bifur, serial_shops, nicolae_lakefront_shop
Vaults:2: v_misc_8, grunt_vaults_hallway_short, v_alt_pattern_6,
          vaults_room_hallway, ontoclasm_vaults_gallery,
          nicolae_vaults_what_the_h, hangedman_vaults_slither,
          ontoclasm_vaults_ring_large, ontoclasm_vaults_misaligned,
          vaults_room_corners, v_alt_pattern_2, nicolae_vaults_asterisk,
          vaults_dpeg_ring, vaults_room_grunt_arrival_checkpoint,
          layout_vaults_omnicross, nicolae_trove_entry_free_sample, uniq_mennas
Vaults:3: nicolae_vaults_twisting_passages, vaults_room_stairs_pillars,
          nicolae_vaults_yaktaur_gun_rack, minmay_crypt_entry_nasty_monster,
          nicolae_vaults_little_squares_5, hangedman_vaults_nails,
          grunt_vaults_hallway_short, v_misc_4, ontoclasm_vaults_ligature,
          hangedman_vaults_trim, hangedman_vaults_capsules,
          layout_vaults_omnigrid, serial_shops, shop,
          nicolae_shop_window_shopping, uniq_sojobo
Vaults:4: vaults_mumra_chevron, nicolae_vaults_little_squares_2,
          nicolae_vaults_ring_of_whatevers, nicolae_vaults_ring_of_whatevers,
          v_misc_29, v_rooms_2, vaults_dpeg_doors, nicolae_vaults_angled_halls,
          nicolae_vaults_rhombus_6, nicolae_vaults_specimen_jars,
          layout_vaults_chaotic_city, serial_shops,
          nicolae_shop_advertising_works [nicolae_subvault_shop_adworks]
Depths:1: layout_roguey, grunt_pan_entry_zigzag, grunt_hell_entry_dis_old,
          nicolae_qazlal_eye_of_the_storm
Depths:2: kennysheep_cluttered_fort, layout_basic, enter_ziggurat_d,
          serial_sigils, serial_sigils_hangedman_snap,
          serial_sigils_hangedman_gnaw, serial_sigils_hangedman_etch,
          serial_sigils_hangedman_stare, serial_sigils_hangedman_shear,
          hell_entry, grunt_pan_entry_sceptre, hangedman_decor_points
Depths:3: evilmike_iron_armoury, layout_cave_pools, marbit_kobold_abyss_entry,
          serial_shops, bzr_entry_customers, rand_demon_pan_entry_8,
          lightli_too_deep, lemuel_round_altar, hangedman_research_quantum

Skill      XL: |  1  2  3  4  5  6  7  8  9 10 11 12 13 14 15 16 17 18 19 20 21 22 |
---------------+-------------------------------------------------------------------+-----
Stealth        | 1 2 3 5 7 8 |  8.0
Poison Magic   | 1 2 |  2.0
Unarmed Combat | 4 5 6 7 8 10 11 13 14 15 16 | 16.0
Fighting       | 2 3 4 5 8 10 11 13 14 15 16 | 16.0
Ice Magic      | 1 3 5 7 9 |  9.0
Dodging        | 3 4 5 6 8 10 11 13 14 15 16 | 16.0
Transmutations | 4 5 7 9 10 11 12 14 15 | 15.0
Invocations    | 4 12 13 | 13.0
Earth Magic    | 10 11 12 13 15 | 15.0
Shields        | 6 10 12 13 | 13.7
Spellcasting   | |  2.0

Action                   |  1- 3 |  4- 6 |  7- 9 | 10-12 | 13-15 | 16-18 | 19-21 | 22-24 || total
-------------------------+-------+-------+-------+-------+-------+-------+-------+-------++-------
Melee: Unarmed           |    88 |    93 |   283 |   506 |   532 |   643 |   904 |   126 ||  3175
       Constrict         |    26 |    21 |    11 |     4 |    71 |    88 |   105 |    11 ||   337
       Kick              |    22 |    21 |     7 |       |       |       |       |       ||    50
       Punch             |     2 |     1 |     4 |     1 |    32 |    67 |   140 |    28 ||   275
       Tentacles         |    12 |    13 |    12 |     6 |    92 |   194 |   279 |    56 ||   664
 Cast: Beastly Appendage |    32 |    29 |     6 |       |       |       |       |       ||    67
       Spider Form       |       |     5 |    31 |     6 |       |       |       |       ||    42
       Wereblood         |       |     1 |     5 |     9 |     4 |    10 |    15 |       ||    44
       Ozocubu's Armour  |       |       |     8 |    15 |    12 |       |       |       ||    35
       Ice Form          |       |       |       |    62 |    43 |       |       |       ||   105
       Statue Form       |       |       |       |       |    66 |   152 |   127 |    19 ||   364
Invok: Slouch            |       |       |       |     1 |    12 |    19 |     6 |     1 ||    39
       Step From Time    |       |       |       |       |     5 |       |     5 |       ||    10
Evoke: Wand              |       |       |       |    13 |     2 |       |       |       ||    15
       Box of beasts     |       |       |       |     1 |       |       |       |       ||     1
  Use: Potion            |     1 |       |     7 |     1 |     2 |     2 |     4 |       ||    17
       Scroll            |     1 |       |    10 |     6 |    12 |     5 |     7 |     2 ||    43
 Stab: Sleeping          |     9 |    10 |     7 |     2 |     8 |    11 |     9 |     1 ||    57
       Paralysed         |       |       |       |    10 |       |       |       |       ||    10
       Distracted        |       |       |       |     2 |       |     1 |       |       ||     3
       Petrified         |       |       |       |       |       |     1 |       |       ||     1
Armor: Skin              |    17 |     4 |    23 |   169 |   288 |   409 |   448 |    51 ||  1409
Dodge: Dodged            |    44 |    57 |   255 |   427 |   624 |  1444 |  1916 |   222 ||  4989
Block: Buckler           |       |       |       |       |       |   102 |   532 |       ||   634
       Tower shield      |       |       |       |       |       |       |   164 |   196 ||   360

Table legend: (Time is in decaauts)
 A = Elapsed time spent in this place.
 B = Non-inter-level travel time spent in this place.
 C = Inter-level travel time spent in this place.
 D = Time resting spent in this place.
 E = Time spent auto-exploring this place.
 F = Levels seen in this place.
 G = Mean time per level.
                   A        B        C        D        E       F      G
               +--------+--------+--------+--------+--------+-----+--------+
         Total |  69984 |  63951 |   6033 |   3471 |  47706 |  40 | 1749.6 |
       Dungeon |  25129 |  22604 |   2525 |   2126 |  15402 |  15 | 1675.3 |
        Temple |     42 |     29 |     13 |      0 |     24 |   1 |   42.0 |
          Lair |  13579 |  12114 |   1465 |    452 |   9764 |   6 | 2263.2 |
         Swamp |   4687 |   4297 |    390 |     16 |   3322 |   4 | 1171.8 |
     Snake Pit |   8428 |   7515 |    913 |    167 |   5796 |   4 | 2107.0 |
  Orcish Mines |   3262 |   3138 |    124 |    220 |   2224 |   2 | 1631.0 |
        Vaults |  10812 |  10323 |    489 |    319 |   8305 |   4 | 2703.0 |
        Depths |   2485 |   2374 |    111 |      0 |   1935 |   3 |  828.3 |
      Ice Cave |   1556 |   1556 |      0 |    169 |    931 |   1 | 1556.0 |
               +--------+--------+--------+--------+--------+-----+--------+

Top non-repeatable levels by time:
Vaults:3: 3240 daAuts
  Lair:5: 3020 daAuts
Vaults:2: 2699 daAuts
     D:7: 2605 daAuts
  Lair:6: 2578 daAuts
Vaults:4: 2493 daAuts
 Snake:2: 2425 daAuts
   Orc:2: 2399 daAuts
Vaults:1: 2378 daAuts
 Snake:4: 2345 daAuts
    D:14: 2267 daAuts
Depths:1: 2228 daAuts
    D:12: 2192 daAuts
  Lair:2: 2135 daAuts
  Lair:4: 2134 daAuts
